 Dungeon Crawl Stone Soup version 0.21.0-3-g78d12a8 (webtiles) character file.

1002 MovingMist the Ducker (level 8, -9/61 HPs)
             Began as a Demonspawn Gladiator on Jan 14, 2018.
             Killed by divine providence
             ... invoked by an orc priest
              (11 damage)
             ... on level 5 of the Dungeon.
             The game lasted 00:11:41 (4927 turns).

MovingMist the Ducker (Demonspawn Gladiator)        Turns: 4927, Time: 00:11:41

Health: -9/61      AC:  7    Str: 16    XL:     8   Next: 0%
Magic:  8/8        EV: 13    Int: 10    God:
Gold:   254        SH:  0    Dex: 15    Spells: 7/7 levels left

rFire    . . .     SeeInvis .   a - +0 flail
rCold    . . .     Gourm    .   (no shield)
rNeg     . . .     Faith    .   o - +0 scale mail
rPois    .         Spirit   .   (helmet restricted)
rElec    .         Reflect  .   u - +0 cloak
rCorr    .         Harm     .   (no gloves)
MR       .....                  (no boots)
Stlth    ..........             (no amulet)
HPRegen  0.20/turn              (no ring)
MPRegen  0.11/turn              (no ring)

@: no status effects
A: antennae 1, foul stench 2, powered by death 1, rot immunity
a: no special abilities


You were on level 5 of the Dungeon.
You were not hungry.

You visited 1 branch of the dungeon, and saw 5 of its levels.

You collected 254 gold pieces.

Inventory:

Hand Weapons
 a - a +0 flail (weapon)
Missiles
 d - a throwing net (quivered)
Armour
 o - a +0 scale mail (worn)
 u - a +0 cloak (worn)
Jewellery
 s - an uncursed ring of ice {unknown}
Wands
 h - a wand of iceblast (9)
 y - a wand of acid (12)
Scrolls
 b - a scroll of noise {unknown}
 c - 3 scrolls of teleportation {unknown}
 e - 11 scrolls of identify {unknown}
 g - a scroll of enchant armour {unknown}
 i - 3 scrolls of fog {unknown}
 l - a scroll of remove curse {unknown}
 p - 2 scrolls of immolation {unknown}
 q - a scroll of fear {unknown}
 t - a scroll of magic mapping {unknown}
 x - a scroll of blinking {unknown}
Potions
 j - a potion of lignification {unknown}
 k - a potion of mutation {unknown}
 m - a potion of haste
 n - a potion of invisibility
 r - 2 potions of heal wounds {unknown}
 v - a potion of agility
 w - a potion of flight {unknown}
Comestibles
 f - 9 rations
 z - 3 chunks of flesh


   Skills:
 + Level 4.9 Fighting
 + Level 5.0 Maces & Flails
 - Level 1.7 Throwing
 * Level 6.6 Dodging


You had 7 spell levels left.
You didn't know any spells.

Dungeon Overview and Level Annotations

Branches:
Dungeon (5/15)
 Temple: D:4-7

Altars:
Ashenzari
Gozag

Annotations:
D:5 1 transporter, Prince Ribbit


Innate Abilities, Weirdness & Mutations

You have a pair of small antennae on your head.
You frequently emit foul miasma when damaged in melee.
You regenerate a little health from kills.
You are immune to rotting.


Message History

Moving in this stuff is going to be slow.
The orc priest invokes the aid of Beogh against you.
Beogh smites you!
The orc priest looks encouraged for a moment.
The orc priest invokes the aid of Beogh against you.
You struggle to resist.
The orc priest calls down the wrath of Beogh upon you.
Beogh smites you!
* * * LOW HITPOINT WARNING * * *
The orc priest calls down the wrath of Beogh upon you.
Beogh smites you!
* * * LOW HITPOINT WARNING * * *
You open the door.
The shadow imp shouts, "Give up, thou venomed miscreant crab-lanthorn!"
The orc priest looks braver for a moment.
There is an open door here.
You see here 24 stones.
The orc priest mumbles some strange prayers to Beogh against you.
Beogh smites you!
You die...

# #..#....
#....#..##..#....
#....#......#....
#####....#..##..#....
#....................
#..###############...
#..#8≈#o55....#P8#...
...#..#P.#≈≈≈≈≈≈≈#.P#...
......#@.#..P≈≈..#..#...
.....©#©('..≈♣P..'.©#©..
...#..#$.#..PP≈..#..#...
+ #..#P.#≈≈≈≈≈≈≈#.P#...
.....#8P#5o.....#P8#...
.....###############...
.F......................
.......##..##..##..#....
.###+# #..........#....


You could see Prince Ribbit, 2 orc priests and 3 shadow imps.

Vanquished Creatures
  A hippogriff (D:4)
  Sigmund (D:2)
  An ogre (D:5)
  A water moccasin zombie (D:5)
  A scorpion (D:5)
  2 howler monkeys (D:4)
  A centaur zombie (D:5)
  A crimson imp (D:5)
  An orc priest (D:3)
  An orc wizard (D:3)
  Ijyb (D:3)
  An iguana (D:4)
  5 worker ants
  Robin (D:3)
  2 adders
  5 dart slugs
  2 leopard geckos
  7 orcs (D:3)
  4 giant cockroaches
  11 goblins
  8 hobgoblins
  6 jackals (D:2)
  2 quokkas (D:3)
  2 ball pythons
  4 bats
  5 frilled lizards
  A jackal skeleton (D:4)
  8 kobolds
  A quokka skeleton (D:3)
  11 rats
98 creatures vanquished.

Notes
Turn   | Place    | Note
-------+----------+-------------------------------------------
     0 | D:1      | MovingMist the Demonspawn Gladiator began the quest for the Orb.
     0 | D:1      | Reached XP level 1. HP: 16/16 MP: 1/1
   363 | D:1      | Reached skill level 3 in Dodging
   363 | D:1      | Gained mutation: You have a pair of small antennae on your head. [demonic ancestry]
   363 | D:1      | Reached XP level 2. HP: 8/22 MP: 2/2
   798 | D:1      | Gained mutation: You are immune to rotting. [demonic ancestry]
   798 | D:1      | Reached XP level 3. HP: 15/28 MP: 3/3
  1315 | D:2      | Noticed Sigmund
  1832 | D:2      | Found a shattered altar of Ashenzari.
  1834 | D:2      | Found an opulent altar of Gozag.
  2119 | D:2      | Killed Sigmund
  2119 | D:2      | Reached skill level 4 in Dodging
  2119 | D:2      | Gained mutation: You may emit foul miasma when damaged in melee. [demonic ancestry]
  2119 | D:2      | Reached XP level 4. HP: 18/35 MP: 4/4
  2119 | D:2      | Gained mutation: You frequently emit foul miasma when damaged in melee. [demonic ancestry]
  2119 | D:2      | Reached XP level 5. HP: 21/41 MP: 5/5
  2546 | D:3      | Noticed Robin
  2554 | D:3      | Gained mutation: You regenerate a little health from kills. [demonic ancestry]
  2554 | D:3      | Reached XP level 6. HP: 41/47 MP: 6/6
  2579 | D:3      | Killed Robin
  2895 | D:3      | Noticed Ijyb
  2901 | D:3      | Reached skill level 5 in Dodging
  2924 | D:3      | Killed Ijyb
  3483 | D:4      | Noticed a hippogriff
  3513 | D:4      | Killed a hippogriff
  3513 | D:4      | Reached XP level 7. HP: 24/55 MP: 7/7
  4286 | D:5      | Entered Level 5 of the Dungeon
  4303 | D:5      | Reached skill level 6 in Dodging
  4861 | D:5      | Found a transporter.
  4880 | D:5      | Found a transporter.
  4892 | D:5      | Reached skill level 5 in Maces & Flails
  4892 | D:5      | Reached XP level 8. HP: 58/61 MP: 8/8
  4922 | D:5      | HP: 1/61 [orc priest/divine providence (11)]
  4927 | D:5      | Noticed Prince Ribbit
  4927 | D:5      | Killed from afar by an orc priest

Skill      XL: |  1  2  3  4  5  6  7 |
---------------+----------------------+-----
Dodging        | 3 4 5 6 |  6.6
Maces & Flails | 3 4 5 |  5.0
Fighting       | 3 4 |  4.9
Throwing       | |  1.7

Action                   |  1- 3 |  4- 6 |  7- 9 || total
-------------------------+-------+-------+-------++-------
Melee: Flail             |   154 |   175 |    75 ||   404
Throw: Throwing net      |     4 |     2 |     1 ||     7
  Use: Potion            |       |     3 |       ||     3
 Stab: Sleeping          |     2 |       |       ||     2
       Invisible         |       |     4 |       ||     4
  Eat: Chunk             |     4 |     5 |     1 ||    10
       Ration            |       |       |     1 ||     1
Armor: Leather armour    |    33 |       |       ||    33
       Scale mail        |     7 |    51 |    28 ||    86
Dodge: Dodged            |   100 |   118 |    63 ||   281
